[Event "Oceania Zonal Open 2023"]
[Site "Melbourne"]
[Date "2023.01.23"]
[Round "1.8"]
[White "Kong, Nathan"]
[Black "Renjith, Sravan"]
[Result "0-1"]
[ECO "D00"]
[WhiteElo "1627"]
[BlackElo "2172"]
[Annotator "TA"]
[PlyCount "68"]
[EventDate "2023.01.09"]
[EventType "swiss"]
[EventCountry "AUS"]
[SourceTitle "playchess.com"]
[Source "ChessBase"]
[SourceQuality "1"]
[TimeControl "5400+30"]

1. d4 d5 2. Nc3 Nf6 3. f3 c5 4. e4 Nc6 {[%emt 0:02:43] [#]} 5. dxc5 $146 ({Predecessor:} 5. Bb5 e6 6. Nge2 cxd4 7. Nxd4 Bd7 8. Bxc6 bxc6 9. e5 Ng8 10. O-O Bc5 11. Kh1 Ne7 12. Be3 {1-0 Thorfinnsson,B (2419)-Gudmundsson,G (1906) Reykjavik Blitz op 2022 (11)}) 5... d4 (5... e6 $5 ) 6. Na4 {[%emt 0:00:04] D00: 1 d4 d5: Unusual lines.} e5 {[%emt 0:00:51][%mdl 1024] Black has compensation.} 7. Bd2 {[%emt 0:02:59] Against Qa5} (7. a3 $11) 7... Be7 ({Better is} 7... Nxe4 $1 $15 8. fxe4 Qh4+ 9. Ke2 Qxe4+ 10. Kf2 Qf5+ 11. Nf3 e4 {[%mdl 64] Pin}) 8. b4 $11 {[%emt 0:01:56][%cal Bb2b4,Bb4b5][%mdl 32] The position is equal.} O-O 9. Bd3 Qc7 10. a3 b6 11. cxb6 axb6 12. Nb2 Qa7 13. b5 $1 Na5 14. Ne2 Re8 15. O-O Bf8 16. Nc1 Be6 17. Nb3 Nb7 18. Qb1 Nd7 19. f4 f6 20. f5 Bf7 21. g4 Nbc5 (21... Bxa3 22. Nc4 Bxc4 23. Bxc4+ Kh8 24. Rf3 $16) (21... Nd6 $5 22. Bb4 Rec8 $15) 22. Nxc5 Nxc5 23. Rc1 ({White should try} 23. a4 $11) 23... Qb7 $15 24. Re1 Nxd3 25. Nxd3 (25. cxd3 $15 Bxa3 26. Rc1) 25... Bxa3 $17 {[%emt 0:00:54] Black is more active.} 26. Bb4 Bxb4 27. Nxb4 Qe7 {[%emt 0:01:31] [#] Strongly threatening ...Rxa1.} 28. Ra6 Bc4 29. Rxb6 $2 {[%emt 0:01:46][%mdl 8192] This move loses the game for White.} (29. Qb2 $17 {is more resistant.}) 29... Qc5 $19 30. Rb7 (30. Rc6 $142 Qxb5 31. Kf2) 30... d3+ ({Inferior is} 30... Bxb5 31. Nd3 Bxd3 32. cxd3 $11) 31. Kg2 d2 ({Not} 31... Bxb5 32. cxd3 (32. Nxd3 Bxd3 33. cxd3 h6 $14) 32... Ra7 33. Rxa7 Qxa7 34. Nd5 $14) 32. Rd1 Qe3 (32... Bxb5 33. Rxd2 Qc4 34. Qb3 Qxb3 35. cxb3 $11) 33. Rc7 Be2 ({Weaker is} 33... Bxb5 34. Qb3+ Qxb3 35. cxb3 $11) 34. Nd3 Bf3+ {[%emt 0:00:21] Weighted Error Value: White=0.77/Black=0.14 (very precise)} 0-1

[Event "Oceania Zonal Open 2023"]
[Site "Melbourne"]
[Date "2023.01.23"]
[Round "1.9"]
[White "Solomon, Stephen J"]
[Black "Jiang, Benjamin Wise"]
[Result "1-0"]
[ECO "B17"]
[WhiteElo "2279"]
[BlackElo "1631"]
[Annotator "TA"]
[PlyCount "57"]
[EventDate "2023.01.09"]
[EventType "swiss"]
[EventCountry "AUS"]
[SourceTitle "playchess.com"]
[Source "ChessBase"]
[SourceQuality "1"]
[TimeControl "5400+30"]

1. e4 c6 2. d4 d5 3. Nd2 dxe4 4. Nxe4 Nd7 5. Ng5 h6 6. Ne6 {[%emt 0:01:04] B17: Caro-Kann: Modern Line (4...Nd7).} ({Much weaker is} 6. Qh5 g6 7. Qh4 Bg7 $17) 6... Qa5+ {[%emt 0:00:04] is the legacy move (6...Qb6).} (6... Qb6 $11) 7. Bd2 $14 {[%emt 0:02:23] White is more active.} Qb6 8. Nxf8 (8. Bd3 $1 $14) 8... Nxf8 $11 9. Nf3 {[%emt 0:03:16] [#]} Bf5 $146 ({Predecessor:} 9... Nf6 10. Bd3 Qxb2 11. O-O Bg4 12. Rb1 Qxa2 13. Rxb7 Ne6 14. h3 Bxf3 15. Qxf3 Qd5 {½-½ Sadler,M (2653)-Nakamura,H (2767) London Classic rapid op 6th 2014 (6)}) 10. Bc4 Nf6 11. O-O e6 12. a4 Ng6 13. a5 $36 {[%emt 0:04:34][%mdl 2048] White is more active.} Qc7 (13... Qxb2 $2 14. Ra2 $18) 14. Bb4 Ne7 15. Ne5 O-O {[%emt 0:01:39] Black is weak on the dark squares} 16. Re1 Rfe8 17. g4 {[%emt 0:08:00] [#] Hoping for Bxe7.} Be4 18. h4 ({Better is} 18. Bxe7 $14 Qxe7 19. h4) 18... Ned5 (18... Ng6 $1 $15 {keeps the upper hand.}) 19. g5 (19. Bd2 $16 {g5 is the strong threat.} Bh7 20. Qf3) 19... hxg5 (19... Nxb4 {feels hotter.} 20. gxf6 Bf5 21. Qh5 Nxc2 22. Kh1 Nxe1 23. Rxe1 Bg6) 20. hxg5 Nxb4 21. gxf6 gxf6 $2 (21... Bf5 $1 $11 {and Black has nothing to worry.} 22. Qd2 gxf6 23. Qxb4 fxe5) 22. Rxe4 $18 fxe5 23. dxe5 {[%emt 0:02:21] Qh5 would be deadly.} Qe7 $2 (23... Kf8 $18 24. Qh5 Ke7) 24. Qh5 f5 25. Qxf5 {[%emt 0:05:04] White wants to mate with Rg4+.} Nd5 26. Rg4+ Kh8 {[%emt 0:00:36] [#]} 27. Qh5+ $1 ({Less strong is} 27. Qg6 Rg8 28. Qh6+ Qh7 29. Qxh7+ (29. Qxe6 $2 {too greedy.} Rxg4+ 30. Qxg4 Rg8 $19) 29... Kxh7 30. Bd3+ Kh8 $16) 27... Qh7 28. Qxh7+ Kxh7 29. Ra3 {[%emt 0:01:17] Weighted Error Value: White=0.31/Black=0.86} 1-0

[Event "Oceania Zonal Open 2023"]
[Site "Melbourne"]
[Date "2023.01.23"]
[Round "1.9"]
[White "Nemeth, John"]
[Black "Pritchard, Max"]
[Result "1-0"]
[ECO "D78"]
[WhiteElo "2157"]
[BlackElo "1617"]
[Annotator "TA"]
[PlyCount "43"]
[EventDate "2023.01.09"]
[EventType "swiss"]
[EventCountry "AUS"]
[SourceTitle "playchess.com"]
[Source "ChessBase"]
[SourceQuality "1"]
[TimeControl "5400+30"]

1. Nf3 Nf6 2. g3 g6 3. Bg2 Bg7 4. O-O d5 5. c4 c6 6. d4 O-O 7. Nc3 dxc4 8. Ne5 {[%emt 0:03:09] 8.e4 is the modern continuation.} Be6 9. a4 {[%emt 0:06:29] D78: Fianchetto Grünfeld: 6 0-0 c6.} (9. f4 $11) 9... Nfd7 (9... Na6 $17) 10. Nf3 $1 $11 h6 {[%emt 0:07:22] Prevents Ng5.} 11. e4 {[%emt 0:07:05] The position is equal.} Na6 {[%emt 0:08:20] [#]} 12. Be3 $146 ({Predecessor:} 12. Qe2 Nb4 13. Rd1 Qa5 14. h3 Rad8 15. Bd2 Qa6 16. Be3 Nb6 17. a5 Nc8 18. Ne1 {1-0 Mecit,E (2019)-Isik,C (1710) TUR Cup Antalya 2020 (9)}) 12... Nb4 13. Qd2 Kh7 14. a5 f5 (14... Qc8 $11) 15. Ra4 (15. d5 $5 Bg8 16. exf5 gxf5 17. dxc6 bxc6 18. Rfd1 $11) 15... Na6 (15... Nd3 $11) 16. d5 Ndc5 17. dxe6 Qxd2 {[%emt 0:01:19][%mdl 64] [#] Remove Defender} 18. Nxd2 Bxc3 19. Rxc4 Bxd2 20. Bxd2 fxe4 (20... Nxe4 $11 {keeps the balance.} 21. Bxe4 fxe4) 21. b4 {[%emt 0:00:58] White is more active.} ({Only move:} 21. Be3 $16 b6 22. Rb1 (22. Bxe4 Nxe4 23. Rxe4 bxa5 $16) (22. b4 Nd3 $16)) 21... Nxe6 {[%emt 0:00:45] [#]} (21... Nb3 $11 22. Be3 Rad8) 22. Rxe4 {[%emt 0:08:44] Weighted Error Value: White=0.26 (precise) /Black=0.49} 1-0

[Event "Oceania Zonal Open 2023"]
[Site "Melbourne"]
[Date "2023.01.23"]
[Round "1.10"]
[White "Kalina, Leo"]
[Black "Winkelman, Albert"]
[Result "0-1"]
[ECO "C88"]
[WhiteElo "1631"]
[BlackElo "2272"]
[Annotator "TA"]
[PlyCount "64"]
[EventDate "2023.01.09"]
[EventType "swiss"]
[EventCountry "AUS"]
[SourceTitle "playchess.com"]
[Source "ChessBase"]
[SourceQuality "1"]
[TimeControl "5400+30"]

1. e4 e5 2. Nf3 Nc6 3. Bb5 a6 4. Ba4 Nf6 5. O-O Be7 6. Re1 b5 7. Bb3 O-O 8. a4 d5 {[%emt 0:00:09] C88: Closed Ruy Lopez: Anti-Marshall Systems.} 9. exd5 Na5 10. Nxe5 {[%emt 0:11:44] aiming for d4.} Nxb3 {[%emt 0:00:08] White has an edge.} ({But not} 10... Nxd5 11. Bxd5 Qxd5 12. Nc3 $16) 11. cxb3 {[%emt 0:14:20] Nc6 would be deadly.} Bb7 12. Nc6 Bxc6 13. dxc6 {[%emt 0:00:11] Black must now prevent axb5.} Bc5 14. d3 {[%emt 0:18:48] [#]} (14. d4 $5 Bxd4 15. axb5 $14) 14... Qd5 $146 ({Black should try} 14... Bxf2+ $11 15. Kxf2 Qd4+ 16. Kf1 (16. Kg3 Rae8 $11) 16... Ng4) ({Predecessor:} 14... Bxf2+ 15. Kxf2 Qd4+ 16. Be3 Ng4+ 17. Kf3 Nxe3 18. Rxe3 Rae8 19. Re2 Qf6+ 20. Kg3 g5 21. Rf2 Qd6+ 22. Kh3 Qh6+ 23. Kg4 Qh4+ {0-1 Bjerre,J (2506)-Dubov,D (2699) EU-chT 22nd Batumi 2019 (1.1)}) 15. Be3 $14 Bb4 16. Nc3 (16. Bd2 {looks sharper.} Bc5 17. Nc3 Qxc6 18. Rc1) 16... Qxc6 17. Rc1 {[%emt 0:02:11] Threatens to win with Na2.} Qd7 18. Qc2 Rfe8 19. h3 Re6 20. Red1 Rae8 21. axb5 axb5 22. Ne4 Nd5 23. Bc5 (23. Bd2 $5 ) 23... f5 {[%emt 0:07:49][%cal Bf7f5,Bf5f4,Bf4f3][%mdl 32] ...Rc6 is the strong threat.} 24. Ng3 $2 {[%emt 0:00:55] [#]} (24. Bxb4 $14 {is the one way to stay ahead.} Nxb4 25. Nc5 (25. Qxc7 Qxc7 26. Rxc7 fxe4 $15) 25... Nxc2 26. Nxd7 Re1+ 27. Rxe1 Rxe1+ 28. Rxe1 Nxe1 29. Ne5) 24... f4 $1 $19 {[%emt 0:02:46][%mdl 1024] Black has strong compensation.} 25. Ne4 Rg6 26. Kh2 {[%emt 0:00:42][%mdl 8192] [#] Now White is beyond hope.} (26. Bxb4 $17 Qxh3 27. Ng3) 26... f3 $1 27. g3 {[%emt 0:01:07] [#]} (27. g4 Rh6) 27... Nf4 $1 {[%emt 0:00:07][%mdl 512] Black mates.} 28. g4 {[%emt 0:00:28] [#]} Rxg4 $1 29. hxg4 {[%emt 0:00:15] [#]} Qxg4 $1 30. Nf6+ gxf6 31. Rg1 Ng2 32. Rxg2 Qxg2# {[%emt 0:00:07] Beautiful play by Winkelman!   Weighted Error Value: White=0.68/Black=0.12 (very precise)} 0-1

[Event "Oceania Zonal Open 2023"]
[Site "Melbourne"]
[Date "2023.01.23"]
[Round "1.10"]
[White "Hong, Xavier"]
[Black "Kethro, Michael"]
[Result "1/2-1/2"]
[ECO "D00"]
[WhiteElo "1616"]
[BlackElo "2149"]
[Annotator "TA"]
[PlyCount "59"]
[EventDate "2023.01.09"]
[EventType "swiss"]
[EventCountry "AUS"]
[SourceTitle "playchess.com"]
[Source "ChessBase"]
[SourceQuality "1"]
[TimeControl "5400+30"]

1. d4 d5 2. Bg5 f6 3. Bd2 Nc6 4. e3 e5 {[%emt 0:00:33] [#]} 5. Bd3 $146 ({Predecessor:} 5. Bb5 Bd6 6. c4 dxc4 7. d5 a6 8. Bxc4 Nce7 9. Nf3 Nh6 10. e4 Nf7 11. Nc3 {½-½ Moiseenko,A (2648)-Blomqvist,E (2545) Oslo op Fornebu 2016 (6)}) 5... e4 (5... exd4 6. Qh5+ Ke7 7. exd4 $14) (5... Be6 $15) 6. Be2 $11 {[%emt 0:05:32] D00: 1 d4 d5: Unusual lines.} f5 7. c4 Nf6 8. Qb3 {[%emt 0:01:27] The position is equal.} Ne7 9. Bb4 (9. Nc3 {might be stronger.}) 9... Be6 (9... Nc6 10. Bxf8 Kxf8 11. Nh3 $11) 10. Nc3 dxc4 11. Bxc4 Bxc4 12. Qxc4 c6 13. Nh3 Ned5 14. Bxf8 Rxf8 15. O-O Qd7 16. Rab1 Rd8 (16... h6 $15) 17. b4 g5 18. b5 (18. Nxg5 $11 {should be considered.} Nxc3 19. Qxc3) 18... Rc8 $15 {[%emt 0:09:17] And now ...cxb5 would win.} 19. Na4 (19. Nxg5 $2 {loses.} h6 20. Ngxe4 fxe4 21. Nxd5 cxd5 $19) 19... g4 (19... cxb5 $17 20. Qxb5 g4) 20. Nf4 (20. Nc5 $1 $11 {was the only way to keep the balance.} cxb5 21. Nxd7 bxc4 22. Nxf8 gxh3 23. Ne6 hxg2 24. Rfc1 (24. Kxg2 Ke7 $11)) 20... Nxf4 21. exf4 Nd5 $2 (21... cxb5 $17 22. Qxb5 b6) 22. Nc5 $16 Qf7 (22... cxb5 $16 {was called for.} 23. Nxd7 {[%mdl 64] Discovered Attack} (23. Rxb5 Qc6 $11) 23... bxc4 24. Nxf8 Nxf4) 23. bxc6 $18 Rxc6 (23... bxc6 24. Rb7 Rc7) 24. Rxb7 $2 (24. Qa4 $1 $18 Nb6 25. Qxa7) 24... Qxb7 $11 25. Qxd5 Qc8 26. Rb1 {[%emt 0:00:59][%cal Ob1b8] Threatens to win with Rb8! Some like it hot} Rb6 {[%emt 0:00:28][%cal Rb6b1] Wards off Rb8} 27. Rc1 Rc6 {[%emt 0:00:25] [#]} (27... Qc7 $11 {remains equal.}) 28. Rb1 {[%emt 0:00:04] White has more active pieces.} ({White should try} 28. h3 $1 $16 ) 28... Rb6 29. Rc1 Rc6 {[%emt 0:00:29] [#]} (29... Qc7 $11) 30. Rb1 {[%emt 0:01:24] An exciting game.   Weighted Error Value: White=0.37/Black=0.48} ({White should play} 30. h3 $1 $16 ) 1/2-1/2

[Event "Oceania Zonal Open 2023"]
[Site "Melbourne"]
[Date "2023.01.23"]
[Round "1.11"]
[White "Croad, Nicolas"]
[Black "Ritter, Theo"]
[Result "1-0"]
[ECO "E32"]
[WhiteElo "2218"]
[BlackElo "1631"]
[Annotator "TA"]
[PlyCount "97"]
[EventDate "2023.01.09"]
[EventType "swiss"]
[EventCountry "AUS"]
[SourceTitle "playchess.com"]
[Source "ChessBase"]
[SourceQuality "1"]
[TimeControl "5400+30"]

1. d4 Nf6 2. c4 e6 3. Nc3 Bb4 4. Qc2 c5 5. dxc5 O-O 6. Bg5 h6 7. Bh4 Na6 8. a3 {[%emt 0:06:49] E32: Nimzo-Indian: Classical (4 Qc2): 4...0-0.} Bxc5 (8... Qa5 $11) 9. e3 Be7 10. Nf3 {[%emt 0:01:02] [#] White is slightly better.} Qa5 $146 (10... b6 $14) ({Predecessor:} 10... b6 11. Be2 Bb7 12. b4 Nb8 13. O-O a5 14. bxa5 Rxa5 15. Nb5 Na6 16. Rfd1 Ne4 17. Bxe7 Qxe7 {0-1 Zawadzka,B (2292)-Socko,B (2637) Wroclaw Polonia op 4th 2009 (1)}) 11. Be2 $16 d5 12. cxd5 (12. O-O $16) 12... Nxd5 (12... Nb4 $11 13. Qd2 Nbxd5) 13. Bxe7 $14 Nxe7 14. O-O $36 {[%emt 0:00:14][%mdl 2048] White has strong initiative.} Bd7 15. b4 Qc7 16. Rac1 Ng6 {[%emt 0:08:11] [#]} (16... Rac8 $142) 17. Qb2 (17. b5 $142 $1 Nc5 18. Na4) 17... Qd8 18. Rfd1 {[%emt 0:01:30] Hoping for Ne4.} Qe7 19. Bd3 {[%emt 0:06:52] White is more active.} f5 20. e4 {[%emt 0:02:50] exf5 would be deadly.} f4 (20... Nc7 $16) 21. e5 $18 Nh4 (21... Bc6 {is more resistant.}) 22. Nxh4 Qxh4 23. Bxa6 {[%emt 0:02:50][%mdl 64] [#] Discovered Attack} bxa6 24. Rxd7 f3 {[%emt 0:00:43] Threatens to win with ...Qg4.} 25. Nd1 (25. g3 $2 Qh3) 25... Rf5 26. Ne3 Rh5 27. gxf3 {[%emt 0:03:12] aiming for Ng4.} (27. h3 fxg2 28. f3 (28. Nxg2 Qxh3 29. f4 Rf8 $11) 28... Rg5 $18) 27... Qxh2+ 28. Kf1 Rf8 29. Rcc7 ({Not} 29. Rxa7 Qh3+ 30. Ke2 (30. Ke1 Qxf3 31. Qe2 Rh1+ 32. Nf1 Qxa3 $11) 30... Qxf3+ 31. Kd3 (31. Ke1 Rh1+ {[%mdl 64] Deflection} 32. Kd2 Qxf2+ 33. Kd3 Rd8+ 34. Kc4 Qxb2 35. Rxh1 Qe2+ 36. Kb3 Qxe3+ 37. Ka4 Qxa7 38. Rb1 Qc7 39. b5 axb5+ 40. Rxb5 Qc4+ 41. Ka5 Ra8+ {[%mdl 64] Skewer} 42. Kb6 Rb8+ {[%mdl 64] Skewer, Deflection} 43. Ka7 Qxb5 44. a4 Qb7#) 31... Rd8+ 32. Kc4 Rh2 $18) 29... Qh1+ 30. Ke2 Qxf3+ 31. Kd3 Rf4 (31... Rg5 $18 32. Rxa7 Qc6) 32. Rxg7+ Kf8 33. Rgd7 (33. Qc3 $142 Qe4+ 34. Ke2 (34. Kd2 Rxf2+ 35. Ke1 Rc2 $11 {[%mdl 64] Decoy}) 34... Qd4 35. Rh7 Rxf2+ {[%mdl 64] Decoy} 36. Kxf2 Qf4+ 37. Ke2 Rh2+ 38. Kd3) 33... Qe4+ 34. Kc3 Qxe5+ 35. Kb3 Qxb2+ 36. Kxb2 Rxf2+ 37. Kc3 Kg8 38. Rg7+ Kf8 39. Rh7 Kg8 40. Rcg7+ ({Less strong is} 40. Rxa7 Rh3 41. Rhg7+ Kh8 $18) 40... Kf8 41. Rxa7 Kg8 42. Rhe7 {[%emt 0:05:03][%cal Oe3g4] And now Ng4! would win.} e5 43. Rxa6 Rf3 44. Kd3 Kf8 45. Rc7 Kg8 46. b5 {[%emt 0:02:54][%cal Bb4b5,Bb5b6][%mdl 32] Intending b6 and mate.} Rhh3 47. Ra8+ {[%emt 0:00:13] White mates.} Rf8 48. Rxf8+ Kxf8 49. b6 {[%emt 0:00:04] Artfully played by Croad.   Weighted Error Value: White=0.14 (very precise) /Black=0.55} 1-0

[Event "Oceania Zonal Open 2023"]
[Site "Melbourne"]
[Date "2023.01.23"]
[Round "1.11"]
[White "Fu, Yihe"]
[Black "Pearce, Tim"]
[Result "1-0"]
[ECO "B28"]
[WhiteElo "2149"]
[BlackElo "1616"]
[Annotator "TA"]
[PlyCount "85"]
[EventDate "2023.01.09"]
[EventType "swiss"]
[EventCountry "AUS"]
[SourceTitle "playchess.com"]
[Source "ChessBase"]
[SourceQuality "1"]
[TimeControl "5400+30"]

1. e4 c5 2. Nf3 a6 3. d4 cxd4 4. Nxd4 Nf6 5. Nc3 e5 6. Nf3 Bb4 7. Bc4 Qc7 8. Qd3 b5 9. Bb3 Bxc3+ {[%emt 0:01:39] B28: Sicilian: 2 Nf3 a6 (O'Kelly Variation).} (9... d6 $11 {is more appropriate.}) 10. bxc3 $16 {[%emt 0:01:16] Black must now prevent Ba3.} O-O (10... d5 $14 11. exd5 (11. Bxd5 Nxd5 12. exd5 O-O $14) 11... O-O) 11. O-O $2 (11. Ba3 $18) 11... Bb7 $11 {[%emt 0:03:28] The position is equal.} 12. Re1 {[%emt 0:01:03] [#] Ba3 would be deadly.} d6 $146 (12... d5 $1 $11 {keeps the balance.} 13. exd5 (13. Bxd5 Bxd5 14. exd5 e4 $15) 13... e4 14. Rxe4 (14. d6 $2 Qc8 $19) 14... Nxe4 15. Qxe4 Nd7) ({Predecessor:} 12... h6 13. Ba3 Rc8 14. Bd6 Qxc3 15. Nxe5 Qxd3 16. Bxf7+ Kh8 17. cxd3 Nc6 18. Nxc6 Bxc6 {0-1 Plotnikov,P (2297)-Sergienko,S (2337) Titled Tuesday intern op 19th Oct blitz 2021 (8)}) 13. Ba3 $16 Rd8 (13... Ne8 $142) 14. Rad1 $36 {[%emt 0:02:42][%mdl 2048] White is really pushing.} Nbd7 (14... Nc6 $16) 15. Bxd6 $18 Qc6 16. Qe3 {[%emt 0:06:55] Wards off Nc5} (16. Nxe5 $2 {too greedy.} Nxe5 17. Bxe5 Rxd3 18. cxd3 a5 $19) ({Much less strong is} 16. Bxe5 $6 Nxe4 17. Bxf7+ Kxf7 $18) ({Better is} 16. Ba3 $18) 16... h6 $16 17. Bxe5 Qxe4 18. Qxe4 (18. Bxf6 {simplifies} Qxe3 19. Bxd8 Qxe1+ 20. Nxe1 Rxd8 21. c4) 18... Bxe4 19. Bc7 Bxf3 20. gxf3 Re8 21. Rxe8+ Rxe8 22. Rd6 Rc8 23. Ba5 {[%emt 0:01:12] White has more active pieces.} Nc5 24. Rd8+ (24. Bb4 $16) 24... Rxd8 $14 25. Bxd8 {[%emt 0:00:08][%mdl 4096] Endgame KBB-KNN} Nfd7 26. Bd5 {[%emt 0:00:48] Black is on the road to losing.} Kf8 (26... Ne6 $14 27. Be7 Ne5) 27. c4 $16 Ne5 (27... Ne6 $16) 28. cxb5 $18 axb5 29. Bc7 Ncd7 30. f4 Nc4 (30... Nf6 {keeps fighting.} 31. Bd6+ Kg8) 31. Bc6 Ke7 32. Bxb5 {[%emt 0:00:13] This pair of bishops is nice.} Na3 33. Bd3 {[%emt 0:02:38] [#] aiming for Ba5.} Nc5 34. Ba5 {[%emt 0:00:27] Threatens to win with Bb4.} Nxd3 35. cxd3 {[%emt 0:00:13] And now Bb4+ would win. KB-KN} Nc2 {[%emt 0:00:19] Prevents Bb4+.} (35... Nb5 36. Bb4+ Ke8) 36. Bc3 g6 37. Kf1 Kd6 38. Ke2 Kd5 39. a4 f5 40. Kd2 Nd4 41. Bxd4 {[%emt 0:00:10] White mates.} Kxd4 42. h4 Kc5 43. Kc3 {[%emt 0:00:08] Weighted Error Value: White=0.22 (precise) /Black=0.60} 1-0

[Event "Oceania Zonal Open 2023"]
[Site "Melbourne"]
[Date "2023.01.23"]
[Round "1.12"]
[White "Herlihy, Brian"]
[Black "Jordan, William"]
[Result "0-1"]
[ECO "D35"]
[WhiteElo "1629"]
[BlackElo "2181"]
[Annotator "TA"]
[PlyCount "152"]
[EventDate "2023.01.09"]
[EventType "swiss"]
[EventCountry "AUS"]
[SourceTitle "playchess.com"]
[Source "ChessBase"]
[SourceQuality "1"]
[TimeControl "5400+30"]

1. d4 Nf6 2. c4 e6 3. Nc3 d5 4. cxd5 exd5 5. Bg5 c6 6. e3 Nbd7 7. Bd3 Bd6 8. Nge2 Nf8 {[%emt 0:02:50] D35: Queen's Gambit Declined: Exchange Variation.} 9. h3 Ng6 {[%emt 0:00:34] [#]} 10. O-O $146 ({Predecessor:} 10. Qc2 h6 11. Bxf6 Qxf6 12. e4 dxe4 13. Nxe4 Bb4+ 14. N2c3 Qxd4 15. O-O-O O-O 16. a3 Bxc3 17. Nxc3 {0-1 Bluebaum,M (2647)-Le,T (2501) Titled Tuesday intern op 11th Aug blitz 2020 (8)}) 10... h6 (10... O-O $11) 11. Bxf6 $1 $14 Qxf6 12. e4 $1 dxe4 13. Nxe4 Qe7 14. Nxd6+ Qxd6 {[%emt 0:00:02] [#]} 15. Bxg6 $1 fxg6 16. Ng3 ({Better is} 16. Qb3 $16) 16... O-O $11 {[%emt 0:00:55] Active counter play!} 17. Qd3 Kh7 18. Rad1 Be6 19. b3 Rad8 20. Ne4 Qc7 21. Qc3 Rf5 22. Rfe1 Bd5 23. Ng3 Rf4 24. Re5 Qf7 25. Qe3 Rf8 26. Rd2 Qf6 (26... Qc7 {simplifies} 27. f3 R4f7 28. Ne4 Bxe4 29. Qxe4 Rf5) 27. Re2 Qh4 28. Rd2 a5 29. Re7 b6 30. Qe5 R4f7 {[%emt 0:01:15] The board is on fire.} 31. Re2 Rxe7 $40 {[%emt 0:03:24][%mdl 128] White needs to defend precisely.} (31... b5 {is more complex.} 32. Rxf7 Rxf7 33. Ne4 Rf5) 32. Qxe7 Qxe7 (32... Qxd4 $2 33. Qxf8 Qf6 34. Qb8 $18) (32... Qf4 {keeps more tension.} 33. Qe3 Qf6 34. Qd2 Rd8) 33. Rxe7 {[%emt 0:00:07][%mdl 4096] Endgame KRB-KRN} Rf7 34. Re8 Ra7 35. Re2 (35. Ne2 $11) 35... a4 $17 36. Rb2 axb3 37. axb3 Ra3 38. b4 Bc4 39. Ne4 Rd3 (39... b5 $17) 40. Nd2 (40. Rd2 $15) 40... Rxd4 41. Nxc4 (41. f3 $17 {was worth a try.}) 41... Rxc4 {[%emt 0:00:02] KR-KR} 42. g3 {[%emt 0:00:21] [#]} g5 $1 43. Kf1 Kg6 44. Ke2 Kf5 45. Ke3 Ke5 46. Kd3 b5 47. Re2+ Kf5 48. Rb2 (48. Re7 {might work better.}) 48... h5 $19 49. Ke3 Ke5 50. Rb3 h4 51. Kd3 Rc1 ({Don't blunder} 51... g4 $2 52. hxg4 hxg3 53. fxg3 $19) 52. Kd2 Rc4 (52... Rh1 $142 53. gxh4 gxh4) 53. Kd3 $1 Kd5 ({Avoid the trap} 53... g4 $2 54. hxg4 hxg3 55. fxg3 $19) 54. Rb2 Rc1 {[%emt 0:00:56] Threatens to win with ...hxg3.} 55. Kd2 $2 (55. Rd2 {was called for.}) 55... Rg1 (55... hxg3 $142 56. fxg3 (56. Kxc1 $2 {loses.} g2 $19) 56... Rg1) 56. gxh4 $2 (56. g4) 56... gxh4 57. Rb3 Rg6 58. Rc3 Rf6 59. Ke3 Re6+ 60. Kd3 Re5 $2 (60... Kd6 $19 {Hoping for ...Re1.} 61. Rc5 Re5) 61. Rc5+ $2 (61. f4 $15 Re1 62. Rc5+ Kd6 63. Rh5) 61... Kd6 62. Rc3 Re1 63. Rb3 Kd5 64. Kd2 Rf1 65. Ke2 Kc4 66. Rf3 Rb1 67. Rf4+ (67. Kd2 $142 Rb2+ 68. Kc1 Rxb4 69. Rf4+ Kb3 70. Rf7) 67... Kc3 68. Rxh4 Rxb4 69. Rh7 Re4+ 70. Kf3 Re7 {[%emt 0:00:25] aiming for ...b4.} 71. h4 b4 72. h5 b3 {[%emt 0:01:02] Black mates.} 73. h6 b2 74. Rxg7 b1=Q (74... b1=R $2 75. Rxe7 Rh1 76. h7 $18) 75. Rxe7 Qf5+ 76. Ke2 Qh5+ {[%emt 0:00:08] Weighted Error Value: White=0.23 (precise) /Black=0.30} (76... Qb5+ $142 77. Ke1 Qb1+ 78. Ke2 Qd3+ 79. Ke1 Qd2+ 80. Kf1 Qxh6 81. Ra7 c5 82. Kg2 c4 83. Kg3 Qg5+ 84. Kh3 Qf5+ 85. Kg3 Qg5+ 86. Kf3 Qd5+ 87. Kg3 Kb2 88. Ra6 c3 89. Rb6+ Kc2 90. f4 Kd2 91. Rh6 c2 92. Rh2+ Kc3 93. Rxc2+ Kxc2 94. Kh4 Kd3 95. Kg3 Ke4 96. f5 Qxf5 97. Kg2 Kf4 98. Kh2 Qc2+ 99. Kg1 Kg3 100. Kh1 Qh2#) 0-1